 Dungeon Crawl Stone Soup version 0.28.0-62-gf88900778d (webtiles) character file.

Game seed: 4979345901530695612

5579 cbfl8 the Cleaver (level 10, -3/126 HPs)
             Began as a Minotaur Berserker on June 28, 2023.
             Was a High Priest of Trog.
             Slain by an orc warrior
             ... wielding a +0 dire flail
              (8 damage)
             ... on level 8 of the Dungeon.
             The game lasted 00:08:43 (9506 turns).

cbfl8 the Cleaver (Minotaur Berserker)              Turns: 9506, Time: 00:08:43

Health: -3/126     AC: 16    Str: 25    XL:     10   Next: 44%
Magic:  9/9        EV: 10    Int:  4    God:    Trog [*****.]
Gold:   116        SH: 12    Dex: 13    Spells: 9/9 levels left

rFire   + . .      SeeInvis .   n - +1 war axe
rCold   . . .      Faith    .   k - +2 kite shield {reflect}
rNeg    . . .      Spirit   .   m - +4 scale mail "Ylusm" {Str+2}
rPois   .          Reflect  +   (helmet restricted)
rElec   .          Harm     .   (no cloak)
rCorr   +          Rampage  .   p - +2 pair of gloves
Will    .....                   t - +0 pair of boots
Stlth   ..........              (no amulet)
HPRegen 0.31/turn               f - ring of resist corrosion
MPRegen 0.11/turn               (no ring)

@: berserking, lethally poisoned (-3 -> -6), very quick
A: horns 2, retaliatory headbutt, fire resistance 1, wild magic 1, MP-powered
wands
a: Renounce Religion, Berserk, Trog's Hand, Brothers in Arms


You were on level 8 of the Dungeon.
You worshipped Trog.
Trog was extremely pleased with you.
You visited 1 branch of the dungeon, and saw 9 of its levels.

You collected 495 gold pieces.
You spent 379 gold pieces at shops.

Inventory:

Hand Weapons
 n - a +1 war axe (weapon)
Armour
 k - a +2 kite shield of reflection (worn)
 m - the +4 scale mail "Ylusm" (worn) {Str+2}
   (You found it on level 3 of the Dungeon)

   Str:       It affects your strength (+2).
 p - a +2 pair of gloves (worn)
 t - a +0 pair of boots (worn)
Jewellery
 f - a ring of resist corrosion (left hand)
Wands
 b - a wand of paralysis (6)
 e - a wand of digging (8)
 w - a wand of iceblast (5)
Scrolls
 a - a scroll of noise
 c - 3 scrolls of magic mapping
 d - 2 scrolls of fog
 h - 5 scrolls of teleportation
 i - a scroll of enchant armour
 j - 2 scrolls of blinking
 r - 2 scrolls of fear
 v - a scroll of identify
Potions
 g - a potion of curing {unknown}
 l - a potion of degeneration {unknown}
 o - 2 potions of attraction
 q - a potion of heal wounds
 s - 4 potions of might
 u - a potion of invisibility


   Skills:
 + Level 6.7 Fighting
 + Level 10.8 Axes
 + Level 7.8 Armour
 + Level 4.2 Dodging
 + Level 2.2 Stealth
 * Level 8.3 Shields
 * Level 6.0 Evocations


You had 9 spell levels left.
You didn't know any spells.
Your spell library was empty.

Dungeon Overview and Level Annotations

Branches:
Dungeon (9/15)             Temple (0/1) D:6
   Lair: D:8-11         Orc: D:9-12

Altars:
Dithmenos
Hepliaklqana
Makhleb
Okawaru
Trog
Vehumet
Xom
Zin
Beogh

Shops:
D:1 !**!=   D:6 [


Innate Abilities, Weirdness & Mutations

You have a pair of horns on your head.
You reflexively headbutt those who attack you in melee.
Your flesh is heat resistant. (rF+)
Your spells are a little harder to cast, but a little more powerful.
You expend magic power (3 MP) to strengthen your wands.


Message History

You feel as though you will be slow longer.
The orc warrior hits you but does no damage.
A red film seems to cover your vision as you go berserk!
You feel yourself moving faster!
You feel mighty!
You feel very sick.
The hornet stings you but does no damage.
The hornet barely misses you. You furiously retaliate!
You headbutt the hornet.
The orc warrior hits you from afar with a +0 trident!
You slice the hornet!!
You kill the hornet!
Trog accepts your kill.
You feel yourself speed up.
You feel very sick.
The orc warrior hits you from afar with a +0 trident!
* * * LOW HITPOINT WARNING * * *
The howler monkey barely misses you. You furiously retaliate!
You headbutt the howler monkey.
Your Evocations skill increases to level 6!
You slash the howler monkey! You headbutt the howler monkey.
You feel the power of Trog in you as your rage grows.
You kill the howler monkey!
Trog accepts your kill.
You feel sick.
The orc warrior hits you but does no damage.
You slash the orc warrior!
The orc warrior is moderately wounded.
You feel sick.
The orc warrior hits you from afar with a +0 trident!
* * * LOW HITPOINT WARNING * * *
The orc warrior hits you with a +0 dire flail!
* * * LOW HITPOINT WARNING * * *
You closely miss the orc warrior.
The orc warrior is moderately wounded.
You feel sick.
You closely miss the orc warrior.
The orc warrior is moderately wounded.
The orc warrior hits you from afar with a +0 trident.
* * * LOW HITPOINT WARNING * * *
The orc warrior hits you with a +0 dire flail!
You die...

...########
### ..†# #
...# # ...#
# # ...# #.
...# #.. #
...# #... #
####
#...o######
# ...#
#....o@...#
# ...#
#....#..⌠.#
# ...# #...
#.⌠..# ...#
#.. #....#
...##### ##
####'#
#####
.......#
#....#
#....
##.....#
#....#
#_###
#.....#
#....#
#.###
#.....#
#>...#
#....


You could see 2 orc warriors.

Vanquished Creatures
  A centaur warrior (D:8)
  Prince Ribbit (D:7)
  A hornet (D:8)
  3 yaks (D:8)
  A steam dragon (D:6)
  A water moccasin (D:7)
  2 black bears (D:6)
  5 orc warriors
  A sky beast (D:8)
  2 ice beasts
  3 ogres
  A necrophage (D:6)
  2 centaurs
  A phantom (D:6)
  A gnoll sergeant (D:6)
  4 bullfrogs
  4 scorpions
  A water moccasin skeleton (D:6)
  5 killer bees (D:8)
  8 wights (D:7)
  A howler monkey (D:8)
  2 bullfrog zombies
  3 hounds
  A jelly (D:8)
  2 centaur zombies
  4 orc priests
  A bullfrog skeleton (D:6)
  A gnoll shaman (D:6)
  4 centaur skeletons
  2 iguanas (D:5)
  9 orc wizards
  A hound skeleton (D:4)
  Robin (D:3)
  18 gnolls
  A howler monkey skeleton (D:5)
  8 adders
  2 shadow imps
  2 white imps
  3 ufetubi (D:6)
  A worm (D:2)
  2 dart slugs
  38 orcs
  6 ball pythons
  8 endoplasms
  3 giant cockroaches
  16 goblins
  11 hobgoblins
  3 kobolds
  3 quokkas
  5 bats
  3 frilled lizards
  4 rats
217 creatures vanquished.

Notes
Turn   | Place    | Note
-------+----------+-------------------------------------------
     0 | D:1      | cbfl8 the Minotaur Berserker began the quest for the Orb.
     0 | D:1      | Reached XP level 1. HP: 19/19 MP: 0/0
   168 | D:1      | Found Kutagg's General Store.
   215 | D:1      | Found Xaocuah's Distillery.
   273 | D:1      | Found Efucol's Jewellery Shoppe.
   490 | D:1      | Reached XP level 2. HP: 27/27 MP: 1/1
   552 | D:1      | Found Qadodeuki's Distillery.
   648 | D:1      | Found Bafyis's Assorted Antiques.
  1092 | D:2      | Found a faded altar of an unknown god.
  1186 | D:2      | Reached skill level 4 in Axes
  1226 | D:2      | Reached XP level 3. HP: 33/33 MP: 2/2
  1440 | D:2      | Reached ** piety under Trog
  1773 | D:3      | Reached skill level 1 in Evocations
  1832 | D:3      | Found a shadowy altar of Dithmenos.
  1887 | D:3      | Noticed Robin
  1897 | D:3      | Reached XP level 4. HP: 40/40 MP: 3/3
  1899 | D:3      | Killed Robin
  2185 | D:3      | Found a hazy altar of Hepliaklqana.
  2185 | D:3      | Found an iron altar of Okawaru.
  2392 | D:3      | Identified the +4 scale mail "Ylusm" {Str+2}
  2999 | D:4      | Reached skill level 5 in Axes
  3007 | D:4      | Reached XP level 5. HP: 42/46 MP: 4/4
  3015 | D:4      | Reached *** piety under Trog
  3348 | D:5      | Entered Level 5 of the Dungeon
  3396 | D:5      | Noticed a centaur
  3403 | D:5      | Killed a centaur
  3404 | D:5      | Reached XP level 6. HP: 43/53 MP: 5/5
  3528 | D:5      | Noticed an ice beast
  3535 | D:5      | Killed an ice beast
  3536 | D:5      | Reached skill level 6 in Axes
  3536 | D:5      | Reached skill level 1 in Shields
  3769 | D:5      | Reached skill level 5 in Armour
  3769 | D:5      | Reached XP level 7. HP: 15/60 MP: 6/6
  4346 | D:5      | Reached skill level 5 in Fighting
  4684 | D:5      | Found a glowing silver altar of Zin.
  4892 | D:6      | Reached skill level 7 in Axes
  4983 | D:1      | Bought a potion of mutation for 88 gold pieces
  4983 | D:1      | Gained mutation: You are agile. (Dex +2) [potion of
                  | mutation]
  4984 | D:1      | Lost mutation: You are agile. (Dex +2) [potion of mutation]
  4984 | D:1      | Gained mutation: You tend to lose your temper in combat.
                  | [potion of mutation]
  5049 | D:1      | Bought a potion of mutation for 104 gold pieces
  5049 | D:1      | Lost mutation: You tend to lose your temper in combat.
                  | [potion of mutation]
  5049 | D:1      | Gained mutation: You expend magic power (3 MP) to
                  | strengthen your wands. [potion of mutation]
  5049 | D:1      | Gained mutation: Your spells are a little harder to cast,
                  | but a little more powerful. [potion of mutation]
  5049 | D:1      | Gained mutation: Your flesh is heat resistant. (rF+)
                  | [potion of mutation]
  5402 | D:6      | Reached XP level 8. HP: 66/68 MP: 7/7
  5442 | D:6      | Found a staircase to the Ecumenical Temple.
  5557 | D:6      | Reached skill level 1 in Stealth
  5598 | D:6      | Found Etest's Armour Shoppe.
  5610 | D:6      | Reached skill level 8 in Axes
  5837 | D:6      | Reached **** piety under Trog
  6063 | D:6      | Reached skill level 9 in Axes
  6063 | D:6      | Reached XP level 9. HP: 64/75 MP: 8/8
  6365 | D:6      | Reached skill level 5 in Shields
  6766 | D:7      | Noticed Prince Ribbit
  6792 | D:7      | Killed Prince Ribbit
  6793 | D:7      | Reached skill level 5 in Evocations
  7235 | D:7      | Found a radiant altar of Vehumet.
  7250 | D:7      | Found a burning altar of Makhleb.
  7827 | D:8      | Found a shimmering altar of Xom.
  7828 | D:8      | Noticed a centaur warrior
  7830 | D:8      | Reached ***** piety under Trog
  7837 | D:8      | Killed a centaur warrior
  7838 | D:8      | Reached skill level 10 in Axes
  7838 | D:8      | Reached XP level 10. HP: 37/84 MP: 9/9
  8876 | D:1      | Bought a potion of might for 44 gold pieces
  8876 | D:1      | Bought 2 potions of might for 88 gold pieces
  8876 | D:1      | Bought a potion of heal wounds for 55 gold pieces
  9242 | D:8      | Found a bloodstained altar of Trog.
  9506 | D:8      | HP: 5/126 [orc warrior/+0 trident (4)]
  9506 | D:8      | Slain by an orc warrior

Illustrated notes

Levels and vault maps discovered:
D:1:      amcnicky_arrival_abandoned_market, layout_basic, serial_shops,
          nicolae_lakefront_shop, shop, nicolae_square_shop,
          nicolae_shop_waterfront, shop, lemuel_old_faithful
D:2:      layout_loops_cross, hellmonk_ecumenical_altar_crossroads
D:3:      layout_rooms, nicolae_dithmenos_the_darkroom,
          gammafunk_temple_overflow_pools, uniq_robin
D:4:      layout_basic
D:5:      layout_basic, minmay_ruined_shrine
D:6:      minmay_thinvault, layout_basic, temple_green, serial_shops,
          nicolae_shop_temple_entry_statues_fountains
D:7:      layout_basic, vehumet_crystals, mainiacjoe_overflow_tiny_flanked,
          grunt_decor_resistance, eino_small_chamber_without_monster,
          uniq_prince_ribbit1
D:8:      minmay_klotski, layout_basic, mainiacjoe_overflow_small_starburst,
          overflow_temple_1_default, special_room [special_room_orc]
D:9:      layout_roguey, mainiacjoe_overflow_brackets, erik_orc_1, serial_shops,
          nicolae_shop_statue_plus, st_stairs_8, grunt_ministairs_11,
          nicolae_figureground_sparkle

Skill      XL: |  1  2  3  4  5  6  7  8  9 10 |
---------------+-------------------------------+-----
Fighting       | 4 5 6 |  6.7
Axes           | 4 5 6 7 9 10 | 10.8
Evocations     | 1 2 3 4 5 6 |  6.0
Armour         | 3 4 5 6 7 |  7.8
Shields        | 1 2 4 7 8 |  8.3
Dodging        | 3 4 |  4.2
Stealth        | 1 2 |  2.2

Action                   |  1- 3 |  4- 6 |  7- 9 | 10-12 || total
-------------------------+-------+-------+-------+-------++-------
Melee: Hand axe          |    78 |    60 |       |       ||   138
       Headbutt          |    10 |     6 |    34 |    21 ||    71
       War axe           |       |    18 |   218 |    86 ||   322
Invok: Berserk           |     1 |     2 |     5 |     2 ||    10
  Use: Scroll            |     1 |     3 |     6 |     2 ||    12
       Potion            |     1 |       |     5 |       ||     6
Armor: Ring mail         |    29 |     9 |       |       ||    38
       Animal skin       |     1 |       |       |       ||     1
       Scale mail        |       |    38 |   138 |    36 ||   212
Dodge: Dodged            |    47 |    29 |    85 |    39 ||   200
Block: Kite shield       |       |    28 |   134 |    65 ||   227
       Reflection        |       |     4 |     6 |     2 ||    12
